 Dungeon Crawl Stone Soup version 0.18.1-50-g88ac8fd (webtiles) character file.

4624 negitausen the Carver (level 10, 0/92 HPs)
             Began as a Minotaur Berserker on Oct 5, 2016.
             Was a High Priest of Trog.
             Slain by a sixfirhy (4 damage)
             ... on level 1 of the Abyss.
             The game lasted 00:45:00 (6136 turns).

negitausen the Carver (Minotaur Berserker)          Turns: 6136, Time: 00:45:00

Health: 0/92       AC: 12    Str: 22    XL:     10   Next: 19%
Magic:  9/9        EV: 12    Int:  4    God:    Trog [*****.]
Gold:   374        SH: 10    Dex: 11    Spells: 0 memorised, 9 levels left

rFire  . . .     SeeInvis .     D - +1 falchion (holy)
rCold  . . .     Gourm    .     v - +0 scale mail
rNeg   + . .     Faith    .     t - +0 shield (curse)
rPois  .         Spirit   .     n - +2 hat
rElec  .         Dismiss  .     o - +0 cloak
rCorr  .         Reflect  .     (no gloves)
SustAt .         Harm     .     (no boots)
MR     .....                    p - amulet of regeneration
Stlth  ..........               (no ring)
                                F - ring of positive energy

@: starving, non-regenerating, badly diseased, not resistant to hostile
enchantments, extremely unstealthy
A: retaliatory headbutt, horns 2, rugged brown scales 1, clumsy 1, wild magic 1,
MP-powered wands
a: Berserk, Trog's Hand, Brothers in Arms, Burn Spellbooks, Renounce Religion


You were on level 1 of the Abyss.
You worshipped Trog.
Trog was extremely pleased with you.
You were starving.

You visited 2 branches of the dungeon, and saw 10 of its levels.
You visited the Abyss 1 time.

You collected 374 gold pieces.

Inventory:

Hand Weapons
 a - a +0 falchion
 g - a +0 long sword
 h - a +0 hunting sling
 i - a +0 scythe
 x - a +0 shortbow
 D - a +1 falchion of holy wrath (weapon)
 L - a +1 greatsling of freezing
Missiles
 l - 334 stones (quivered)
 m - 55 sling bullets
 z - 121 arrows
 M - 2 javelins of penetration
Armour
 b - a +0 animal skin
 d - a +1 ring mail
 n - a +2 hat (worn)
 o - a +0 cloak (worn)
 t - a cursed +0 shield (worn)
 v - a +0 scale mail (worn)
Magical Staves
 s - an uncursed staff of fire
Jewellery
 p - an amulet of regeneration (around neck)
 F - a ring of positive energy (left hand)
Wands
 y - a wand of acid (6/15)
 B - a wand of heal wounds (2/9)
 C - a wand of random effects (34/48)
 G - a wand of slowing (29/48)
 Q - a wand of paralysis (11/24)
Scrolls
 e - 5 scrolls of identify
 r - 9 scrolls of remove curse
 u - a scroll of magic mapping
 A - 2 scrolls of enchant armour
 H - 3 scrolls of recharging
 K - a scroll of random uselessness {unknown}
Potions
 f - a potion of brilliance
 j - 4 potions of curing
 E - a potion of flight
 I - 2 potions of agility
 J - a potion of haste
 N - a potion of cancellation {unknown}
Miscellaneous
 O - an ornate deck of defence {drawn: 1}
Comestibles
 c - 2 bread rations
 k - 6 fruits
 q - 2 slices of pizza
 w - a meat ration
 P - 2 beef jerkies


   Skills:
 + Level 8.4 Fighting
 + Level 9.3 Long Blades
 + Level 7.8 Armour
 + Level 8.7 Dodging
 + Level 1.6 Stealth
 + Level 6.5 Shields


You had 9 spell levels left.
You didn't know any spells.

Dungeon Overview and Level Annotations

Branches:
Dungeon (9/15)             Temple (1/1) D:5
   Lair: D:8-11         Orc: D:9-12

Altars:
Ashenzari
Cheibriados
Dithmenos
Elyvilon
Fedhas
Gozag
Kikubaaqudgha
Makhleb
Nemelex Xobeh
Okawaru
Pakellas
Ru
Sif Muna
Trog
Vehumet
Xom
Yredelemnul
Zin
The Shining One

Shops:
D:4 =

Annotations:
D:4 volver con 300g


Innate Abilities, Weirdness & Mutations

You reflexively headbutt those who attack you in melee.
You have a pair of horns on your head.
You are partially covered in rugged brown scales (AC +1, +3% HP).
You are clumsy. (Dex -2)
Your spells are a little harder to cast, but a little more powerful.
You expend magic power (3 MP) to strengthen your wands.


Message History

The ancient zyme hits you.
* * * LOW HITPOINT WARNING * * *
The ancient zyme hits you.
* * * LOW HITPOINT WARNING * * *
You feel ill. You block the sixfirhy's attack. The sixfirhy hits you!
* * * LOW HITPOINT WARNING * * *
The sixfirhy shocks you!
* * * LOW HITPOINT WARNING * * *
You block the sixfirhy's attack. The sixfirhy completely misses you.
You furiously retaliate!
You headbutt the sixfirhy. You block the sixfirhy's attack.
The sixfirhy hits you but does no damage.
You feel ill.
The ancient zyme hits you but does no damage.
The ancient zyme closely misses you.
You feel ill.
The ufetubus hits you but does no damage.
The ufetubus barely misses you. The sixfirhy hits you.
You die...

#.≈ ..≈.#≈.....
... #
###...#≈..#....
. .. #.
###.##x.#≈#.
... . . #.#
.#X...≈#.#... .
. #..##.5##≈#
### . # ..
#≈≈##..# ##
.... # .
#≈≈≈4≈x#.## # .
.. ##≈≈##4## .
.. .≈≈≈≈#@## #
# .. .
#..≈≈≈≈>.....#
. . # .
#≈≈.≈#.##..#.##
# ≈≈#≈.###..#
.. . ≈≈≈.≈#
#### .# . #≈≈.
## . # #


You could see an ancient zyme and a sixfirhy.

Vanquished Creatures
  Joseph (D:9)
  The ghost of Iflex the Poker, a novice MfGl of Okawaru (D:6)
  Prince Ribbit (D:6)
  Sigmund (D:2)
  Eustachio (D:6)
  A wyvern (D:8)
  A hippogriff (D:7)
  2 hungry ghosts
  A water moccasin (D:8)
  An orc warrior (D:7)
  2 black bears
  An eye of draining (D:7)
  An ogre (D:7)
  4 centaurs
  A crocodile (D:7)
  4 giant frogs
  A big kobold (D:8)
  A water moccasin zombie (D:8)
  A scorpion (D:6)
  6 killer bees (D:8)
  2 howler monkeys
  4 crimson imps
  A giant frog zombie (D:5)
  2 centaur zombies
  3 hounds
  2 orc wizards
  6 orc priests
  2 iguanas (D:4)
  Jessica (D:2)
  2 giant frog skeletons
  Natasha (thrice) (D:2)
  9 worker ants
  2 hound skeletons
  Robin (D:2)
  9 adders
  A gnoll (D:3)
  2 oozes
  An adder skeleton (D:4)
  A worm (D:2)
  2 dart slugs
  6 giant geckos
  26 orcs
  3 ball pythons
  9 bats
  10 giant cockroaches
  15 goblins
  14 hobgoblins
  7 jackals
  5 quokkas
  2 giant gecko zombies
  6 giant newts
  A jackal skeleton (D:6)
  6 kobolds
  A quokka zombie (D:5)
  4 rats
  2 fungi (D:1)
206 creatures vanquished.

Notes
Turn   | Place    | Note
--------------------------------------------------------------
     0 | D:1      | negitausen the Minotaur Berserker began the quest for the Orb.
     0 | D:1      | Reached XP level 1. HP: 19/19 MP: 0/0
   128 | D:1      | Reached XP level 2. HP: 26/27 MP: 1/1
   175 | D:1      | Reached skill level 4 in Long Blades
   531 | D:1      | Reached ** piety under Trog
   561 | D:1      | Reached XP level 3. HP: 30/33 MP: 2/2
   758 | D:2      | Noticed Robin
   771 | D:2      | Killed Robin
   795 | D:2      | Noticed Natasha
   798 | D:2      | Killed Natasha
   798 | D:2      | Reached XP level 4. HP: 20/40 MP: 3/3
   819 | D:2      | Noticed Jessica
   823 | D:2      | Killed Jessica
   828 | D:2      | Noticed Sigmund
   835 | D:2      | Killed Sigmund
   835 | D:2      | Reached skill level 5 in Fighting
   835 | D:2      | Reached skill level 5 in Long Blades
   835 | D:2      | Reached skill level 1 in Stealth
   835 | D:2      | Reached XP level 5. HP: 31/48 MP: 4/4
   835 | D:2      | Reached XP level 6. HP: 36/56 MP: 5/5
   859 | D:2      | Noticed Natasha
   867 | D:2      | Killed Natasha
   867 | D:2      | Reached *** piety under Trog
  1173 | D:2      | Noticed Natasha
  1182 | D:2      | Killed Natasha
  1869 | D:3      | Found an oddly glowing altar of Pakellas.
  1886 | D:3      | Reached skill level 6 in Long Blades
  2081 | D:3      | Reached XP level 7. HP: 60/61 MP: 6/6
  2182 | D:3      | Found an iron altar of Okawaru.
  2197 | D:3      | Gained mutation: You have a beak for a mouth. [potion of mutation]
  2197 | D:3      | Gained mutation: You are partially covered in rugged brown scales (AC +1, +3% HP). [potion of mutation]
  2197 | D:3      | Gained mutation: You are clumsy. (Dex -2) [potion of mutation]
  2255 | D:4      | Found Rocuf's Jewellery Emporium.
  2300 | D:4      | Found a white marble altar of Elyvilon.
  2333 | D:4      | Found an oddly glowing altar of Pakellas.
  2473 | D:4      | Reached skill level 5 in Dodging
  2481 | D:4      | Reached **** piety under Trog
  2920 | D:5      | Entered Level 5 of the Dungeon
  3080 | D:5      | Reached skill level 7 in Long Blades
  3190 | D:5      | Found a staircase to the Ecumenical Temple.
  3202 | Temple   | Entered the Ecumenical Temple
  3385 | D:5      | Gained mutation: Your spells are a little harder to cast, but a little more powerful. [potion of mutation]
  3385 | D:5      | Lost mutation: You have a beak for a mouth. [potion of mutation]
  3686 | D:5      | You fall through a shaft for 3 floors!
  3755 | D:8      | Reached XP level 8. HP: 58/72 MP: 7/7
  3755 | D:8      | Reached skill level 1 in Shields
  3762 | D:8      | Reached skill level 5 in Armour
  3855 | D:7      | Found a basalt altar of Yredelemnul.
  4131 | D:7      | Reached XP level 9. HP: 37/81 MP: 6/8
  4151 | D:7      | Reached skill level 8 in Long Blades
  4340 | D:6      | Noticed Eustachio
  4364 | D:6      | Killed Eustachio
  4413 | D:6      | Found a deep blue altar of Sif Muna.
  4413 | D:6      | Found an opulent altar of Gozag.
  4414 | D:6      | Found a shadowy altar of Dithmenos.
  4503 | D:6      | Noticed Prince Ribbit
  4531 | D:6      | Killed Prince Ribbit
  5060 | D:6      | Noticed Iflex's ghost (novice MfGl)
  5087 | D:6      | Killed Iflex's ghost
  5087 | D:6      | Reached skill level 5 in Shields
  5331 | D:8      | Reached ***** piety under Trog
  5465 | D:8      | Reached skill level 9 in Long Blades
  5502 | D:8      | Reached XP level 10. HP: 90/90 MP: 9/9
  5517 | D:8      | Received a gift from Trog
  5977 | D:9      | Noticed Joseph
  5995 | D:9      | Killed Joseph
  6040 | D:9      | Cast into level 1 of the Abyss (drawing a card)
  6104 | Abyss:1  | Gained mutation: You expend magic power (3 MP) to strengthen your wands. [a neqoxec]
  6112 | Abyss:1  | Noticed a sixfirhy
  6133 | Abyss:1  | HP: 4/92 [sixfirhy (9)]
  6136 | Abyss:1  | Slain by a sixfirhy

Skill      XL: |  1  2  3  4  5  6  7  8  9 10 |
---------------+-------------------------------+-----
Long Blades    | 4 5 6 7 9 |  9.3
Fighting       | 4 5 6 7 8 |  8.4
Dodging        | 3 4 5 7 8 |  8.7
Armour         | 3 4 6 7 |  7.8
Stealth        | 1 |  1.6
Shields        | 3 5 6 |  6.5

Action                   |  1- 3 |  4- 6 |  7- 9 | 10-12 || total
-------------------------+-------+-------+-------+-------++-------
Melee: Falchion          |    71 |       |   143 |    83 ||   297
       Headbutt          |    17 |    19 |    64 |    19 ||   119
       Long sword        |    26 |   118 |   239 |       ||   383
       Peck              |       |       |    17 |       ||    17
Throw: Stone             |       |       |       |     2 ||     2
Invok: Berserk           |     1 |       |     1 |       ||     2
Evoke: Deck              |       |       |       |     1 ||     1
  Use: Scroll            |     3 |     6 |     8 |       ||    17
       Potion            |     3 |     3 |     5 |     1 ||    12
 Stab: Sleeping          |     1 |       |       |       ||     1
  Eat: Chunk             |     1 |     2 |     4 |       ||     7
       Fruit             |       |     2 |     5 |       ||     7
       Bread ration      |       |       |     2 |       ||     2
Armor: Ring mail         |    34 |    33 |    36 |       ||   103
       Animal skin       |     1 |       |       |       ||     1
       Scale mail        |       |       |   106 |    33 ||   139
Dodge: Dodged            |    38 |    79 |   180 |    36 ||   333
Block: Shield            |       |       |   152 |    42 ||   194
